 Dungeon Sprint DCSS version 0.18.1-8-gdd0e5ea (webtiles) character file.

448 Groucho the Covert (level 7, -3/49 HPs)
             Began as an Octopode Transmuter on May 22, 2016.
             Was a Believer of Sif Muna.
             Slain by a killer bee (12 damage)
             ... in the Dungeon (Sprint IV: "Fedhas' Mad Dash").
             The game lasted 00:06:32 (2841 turns).

Groucho the Covert (Octopode Transmuter)            Turns: 2841, Time: 00:06:32

Health: -3/49      AC:  1    Str:  9    XL:     7   Next: 3%
Magic:  15/15      EV: 15    Int: 15    God:    Sif Muna [**....]
Gold:   100        SH:  0    Dex: 15    Spells: 3 memorised, 9 levels left

rFire  . . .     SeeInvis .       - Unarmed
rCold  . . .     Gourm    .     (no shield)
rNeg   . . .     Faith    .     (helmet restricted)
rPois  .         Spirit   .     (no amulet)
rElec  .         Dismiss  .     j - ring of resist corrosion
rCorr  +         Reflect  .     (no ring)
SustAt .         Harm     .     (no ring)
MR     .....     NoTele   +     (no ring)
Stlth  ++++++....               (no ring)
                                (no ring)
                                (no ring)
                                (no ring)

@: starving, not resistant to hostile enchantments, very stealthy
A: almost no armour, amphibious, 8 rings, constrict 8, camouflage 1, gelatinous
body 1
a: Channel Energy, Renounce Religion


You were in the Dungeon.
You worshipped Sif Muna.
Sif Muna was pleased with you.
You were starving.

You visited 1 branch You collected 100 gold pieces.

Inventory:

Missiles
 a - 12 arrows
 l - 13 stones (quivered)
Jewellery
 j - a ring of resist corrosion (left tentacle)
Potions
 e - a potion of heal wounds
 f - a potion of haste
 g - 2 potions of magic
 h - a potion of berserk rage
Books
 b - a book of Changes

   Spells                             Type                      Level
   a - Beastly Appendage              Transmutation                1
   b - Sticks to Snakes               Transmutation                2
   c - Spider Form                    Transmutation/Poison         3
   d - Ice Form                       Ice/Transmutation            4
   e - Blade Hands                    Transmutation                5


   Skills:
 + Level 4.8 Fighting
 + Level 5.0 Dodging
 * Level 9.7 Stealth
 + Level 5.7 Unarmed Combat
 * Level 5.9 Spellcasting
 + Level 5.1 Transmutations
 + Level 3.6 Ice Magic
 + Level 4.7 Poison Magic


You had 9 spell levels left.
You knew the following spells:

 Your Spells              Type           Power        Failure   Level  Hunger
a - Beastly Appendage     Trmt           ###...       1%          1    None
b - Spider Form           Trmt/Pois      ###.......   10%         3    ###....
c - Ice Form              Ice/Trmt       ###.....     28%         4    ####...


Dungeon Overview and Level Annotations

Branches:
Dungeon (1/1)

Altars:
Cheibriados
Dithmenos
Elyvilon
Gozag
Kikubaaqudgha
Makhleb
Nemelex Xobeh
Okawaru
Pakellas
Qazlal
Ru
Sif Muna
Trog
Vehumet
Xom
Yredelemnul
Zin
The Shining One
Beogh
Jiyva
Lugonu

Shops:
D :}


Innate Abilities, Weirdness & Mutations

You cannot wear most types of armour.
You are amphibious.
You can wear up to eight rings at the same time.
You can use your tentacles to constrict eight enemies at once.
Your skin changes colour to match your surroundings (Stealth).
Your rubbery body absorbs attacks (AC +1).


Message History

The killer bee completely misses you. The queen bee closely misses you.
The killer bee buzzes angrily.
The killer bee stings you! The killer bee barely misses you.
The killer bee stings you.
The queen bee calls on the killer bee to defend it!
The killer bee goes berserk!
The killer bee stings you. The killer bee stings you.
The killer bee barely misses you. The killer bee stings you!
You are poisoned.
The killer bee poisons you! The killer bee barely misses you.
The queen bee stings you!
* * * LOW HITPOINT WARNING * * *
The killer bee stings you!
* * * LOW HITPOINT WARNING * * *
Unknown command.
Drink which item? (? for menu, Esc to quit)
You feel better. The killer bee barely misses you. The killer bee stings you.
* * * LOW HITPOINT WARNING * * *
The killer bee barely misses you. The killer bee stings you!
You die...

###########################
#<..P#.....#.....#.⌠...._..
#PP..'.....'.#...'._._._._.
#PPPP#.....#.#[..#_._._._._
###############'##._._._._.
#...♣...y..y.'...#.⌠...._..
#%.....♣..@..#...##########
#.....♣..♣yy######
##+####+#####


You could see a queen bee and 3 killer bees.

Vanquished Creatures
  A wandering mushroom (D)
  2 scorpions (D)
  4 oklob saplings (D)
  A worker ant (D)
  2 spriggans (D)
  A river rat (D)
  A rat (D)
12 creatures vanquished.

Notes
Turn   | Place    | Note
--------------------------------------------------------------
     0 | D        | Groucho the Octopode Transmuter began the quest for the Orb.
     0 | D        | Reached XP level 1. HP: 13/13 MP: 3/3
    11 | D        | Reached skill level 3 in Stealth
    11 | D        | Reached XP level 2. HP: 19/19 MP: 3/5
   136 | D        | Noticed an oklob sapling
   141 | D        | Killed an oklob sapling
   141 | D        | Reached skill level 4 in Stealth
   141 | D        | Reached XP level 3. HP: 25/25 MP: 5/7
   461 | D        | Learned a level 3 spell: Spider Form
   488 | D        | Reached skill level 5 in Stealth
   488 | D        | Reached skill level 1 in Poison Magic
   488 | D        | Reached XP level 4. HP: 26/30 MP: 6/8
   517 | D        | Learned a level 4 spell: Ice Form
   525 | D        | Reached skill level 6 in Stealth
   655 | D        | Found a snail-covered altar of Cheibriados.
   655 | D        | Found a glowing silver altar of Zin.
   655 | D        | Found a white marble altar of Elyvilon.
   656 | D        | Found a viscous altar of Jiyva.
   656 | D        | Found a radiant altar of Vehumet.
   656 | D        | Found a deep blue altar of Sif Muna.
   656 | D        | Found a burning altar of Makhleb.
   656 | D        | Found an oddly glowing altar of Pakellas.
   656 | D        | Found an ancient bone altar of Kikubaaqudgha.
   656 | D        | Found a bloodstained altar of Trog.
   656 | D        | Found a corrupted altar of Lugonu.
   656 | D        | Found a sacrificial altar of Ru.
   656 | D        | Noticed an oklob sapling priest
   657 | D        | Found a glowing golden altar of the Shining One.
   657 | D        | Found a sparkling altar of Nemelex Xobeh.
   658 | D        | Found a shadowy altar of Dithmenos.
   659 | D        | Found an iron altar of Okawaru.
   659 | D        | Found a shimmering altar of Xom.
   660 | D        | Found an opulent altar of Gozag.
   661 | D        | Found a basalt altar of Yredelemnul.
   661 | D        | Found a roughly hewn altar of Beogh.
   665 | D        | Killed an oklob sapling priest
   665 | D        | Reached skill level 7 in Stealth
   665 | D        | Reached skill level 1 in Ice Magic
   665 | D        | Reached XP level 5. HP: 36/36 MP: 7/11
   666 | D        | Found a stormy altar of Qazlal.
   695 | D        | Became a worshipper of Sif Muna the Loreminder
   715 | D        | Noticed a queen bee
  2088 | D        | Reached * piety under Sif Muna
  2088 | D        | Reached skill level 8 in Stealth
  2088 | D        | Reached skill level 5 in Unarmed Combat
  2092 | D        | Reached skill level 5 in Spellcasting
  2092 | D        | Reached XP level 6. HP: 34/43 MP: 8/13
  2521 | D        | Found Guxeirph's Gadget Shop.
  2522 | D        | Found Afrechim's Book Emporium.
  2530 | D        | Noticed a burning bush
  2530 | D        | Noticed a wandering mushroom
  2534 | D        | Noticed a wandering mushroom
  2574 | D        | Killed a wandering mushroom
  2574 | D        | Reached ** piety under Sif Muna
  2574 | D        | Reached skill level 5 in Dodging
  2574 | D        | Reached skill level 9 in Stealth
  2574 | D        | Reached skill level 5 in Transmutations
  2574 | D        | Reached XP level 7. HP: 31/49 MP: 12/15
  2841 | D        | Slain by a killer bee

Skill      XL: |  1  2  3  4  5  6 |
---------------+-------------------+-----
Stealth        | 3 4 5 7 8 9 |  9.7
Fighting       | 2 3 4 |  4.8
Transmutations | 3 4 5 |  5.1
Dodging        | 3 4 5 |  5.0
Unarmed Combat | 4 5 |  5.7
Spellcasting   | 3 4 5 |  5.9
Poison Magic   | 1 2 3 4 |  4.7
Ice Magic      | 1 2 3 |  3.6

Action                   |  1- 3 |  4- 6 |  7- 9 || total
-------------------------+-------+-------+-------++-------
Melee: Unarmed           |    13 |    47 |     1 ||    61
       Tentacles         |     5 |       |       ||     5
       Kick              |     4 |     1 |       ||     5
       Constrict         |     3 |       |       ||     3
 Cast: Beastly Appendage |     3 |     1 |       ||     4
       Spider Form       |       |     6 |       ||     6
       Ice Form          |       |     1 |       ||     1
  Use: Potion            |       |     2 |     3 ||     5
       Scroll            |       |     1 |       ||     1
 Stab: Sleeping          |     2 |     3 |       ||     5
  Eat: Bread ration      |       |     1 |       ||     1
Dodge: Dodged            |     4 |    32 |     9 ||    45
